 Dungeon Crawl Stone Soup version 0.17.0-26-gececa24 (console) character file.

29 gw the Vandal (level 3, -2/28 HPs)
             Began as a Formicid Hunter on Nov 21, 2015.
             Slain by a kobold
             ... wielding a +0 dagger
              (3 damage)
             ... on level 1 of the Dungeon.
             The game lasted 00:01:11 (1568 turns).

gw the Vandal (Formicid Hunter)                     Turns: 1568, Time: 00:01:11

Health: -2/28      AC:  3    Str: 16    XL:     3   Next: 32%
Magic:  3/3        EV:  9    Int: 10    God:
Gold:   54         SH:  7    Dex: 12    Spells: 0 memorised, 2 levels left

rFire  . . .     SeeInvis +     b - +0 whip
rCold  + . .     Clarity  .     c - +0 leather armour
rNeg   . . .     SustAt   .     g - +0 shield
rPois  .         Gourm    .     (helmet unavailable)
rElec  .         Spirit   .     (no cloak)
rCorr  .         Warding  .     (no gloves)
rMut   .         Stasis   +     (no boots)
MR     .....                    (no amulet)
Stlth  +.........               (no ring)
                                j - ring of protection from cold

@: not resistant to hostile enchantments, very unstealthy
A: permanent stasis, dig shafts and tunnels, four strong arms, antennae 3
a: Dig, Shaft Self


You were on level 1 of the Dungeon.
You were not hungry.

You visited 1 branch of the dungeon, and saw 1 of its levels.

You collected 54 gold pieces.

Inventory:

Hand Weapons
 a - a +1 hunting sling
 b - a +0 whip (weapon)
Missiles
 d - 16 sling bullets
 f - 24 stones (quivered)
Armour
 c - a +0 leather armour (worn)
 g - a +0 shield (worn)
Jewellery
 j - a ring of protection from cold (left hand)
Potions
 h - a potion of mutation {unknown}
 i - a potion of might {unknown}
Comestibles
 e - a bread ration
 l - 2 chunks of flesh


   Skills:
 + Level 2.5 Fighting
 + Level 0.2 Maces & Flails
 * Level 5.0 Slings
 + Level 0.7 Armour
 - Level 1.7 Dodging
 - Level 1.2 Stealth
 + Level 0.2 Shields


You had 2 spell levels left.
You didn't know any spells.

Dungeon Overview and Level Annotations

Branches:
Dungeon (1/15)

Altars:


Innate Abilities, Weirdness & Mutations

You are under a permanent stasis effect.
You can dig through walls and to a lower floor.
Your four strong arms can wield two-handed weapons with a shield.
You have a pair of large antennae on your head (SInv).


Message History

ATTACK MOVE TO (-1,-1)
You closely miss the giant newt. The giant newt barely misses you.
You block the giant cockroach's attack. The kobold hits you with a dagger.
ATTACK MOVE TO (-1,-1)
You closely miss the giant newt.
The giant newt bites you but does no damage.
The giant cockroach bites you but does no damage.
The kobold misses you. You block the giant newt's attack.
ATTACK MOVE TO (-1,-1)
You closely miss the giant newt. You block the giant cockroach's attack.
You block the kobold's attack. The giant cockroach closely misses you.
The giant newt bites you but does no damage.
ATTACK MOVE TO (-1,-1)
You hit the giant newt.
You kill the giant newt!
The kobold hits you with a dagger. The giant cockroach bites you.
ATTACK MOVE TO (-1,-1)
You hit the hobgoblin but do no damage. The giant cockroach bites you.
The kobold hits you with a dagger.
You die...

.. #..........
.##..........
..>.........
#...........
#.....(.....
#........# .
#..gKs.(.# ..
#...a..(.#
...#........# . {
............###..
.......(.........
......)(.##......
........(##......
##############...##. .
##....#......)....# .
####.....#...........#


You could see a giant cockroach, a hobgoblin and a kobold.

Table legend:
 A = Turns spent in this place as a percentage of turns spent in the entire game.
 B = Non-inter-level travel turns spent in this place as a percentage of non-inter-level travel turns spent in the entire game.
 C = Inter-level travel turns spent in this place as a percentage of turns spent in this place.
 D = Turns resting spent in this place as a percentage of non-inter-level travel turns spent in this place.
 E = Turns spent auto-exploring this place as a percentage of non-inter-level travel turns spent in this place.
 F = Non-inter-level travel turns spent in this place divided by the number of levels of this place that you've seen.
                   A       B       C       D       E      F
               +-------+-------+-------+-------+-------+----------------------
         Total | 100.0 | 100.0 |   0.0 |   1.6 |   1.5 | 1661.0
       Dungeon | 100.0 | 100.0 |   0.0 |   1.6 |   1.5 | 1661.0
               +-------+-------+-------+-------+-------+----------------------

Table legend:
 A = Kills in this place as a percentage of kills in entire the game.
 B = Kills by you in this place as a percentage of kills by you in the entire game.
 C = Kills by friends in this place as a percentage of kills by friends in the entire game.
 D = Other kills in this place as a percentage of other kills in the entire game.
 E = Experience gained in this place as a percentage of experience gained in the entire game.
 F = Experience gained in this place divided by the number of levels of this place that you have seen.
                   A       B       C       D       E      F
               +-------+-------+-------+-------+-------+----------------------
         Total | 100.0 | 100.0 |  -nan |  -nan | 100.0 |  42.0
       Dungeon | 100.0 | 100.0 |  -nan |  -nan | 100.0 |  42.0
               +-------+-------+-------+-------+-------+----------------------

Vanquished Creatures
  3 oozes (D:1)
  A giant gecko (D:1)
  2 bats (D:1)
  A hobgoblin (D:1)
  A giant newt (D:1)
  4 goblins (D:1)
  2 jackals (D:1)
  4 kobolds (D:1)
  A rat (D:1)
19 creatures vanquished.

Notes
Turn   | Place    | Note
--------------------------------------------------------------
     0 | D:1      | gw the Formicid Hunter began the quest for the Orb.
     0 | D:1      | Reached XP level 1. HP: 16/16 MP: 1/1
   224 | D:1      | Reached XP level 2. HP: 8/23 MP: 2/2
  1081 | D:1      | HP: 1/23 [giant gecko (1)]
  1082 | D:1      | Reached skill level 5 in Slings
  1082 | D:1      | Reached XP level 3. HP: 1/28 MP: 3/3
  1568 | D:1      | HP: 1/28 [giant cockroach (2)]
  1568 | D:1      | Slain by a kobold

Action                   || total
-------------------------++-------
Melee: Short sword       ||    87
       Whip              ||    24
 Fire: Hunting sling     ||    27
  Eat: Chunk             ||     2

Vault maps used:
D:1:      erik_arrival_gehennom
